 Dungeon Crawl Stone Soup version 0.28-a0-724-g66f9036eb4 (webtiles) character file.

Game seed: 6611920396944242077

32 AarnesTheHuman the Covered (level 3, -1/30 HPs)
             Began as a Barachi Fighter on Oct 27, 2021.
             Slain by a worm (7 damage)
             ... on level 2 of the Dungeon.
             The game lasted 00:01:09 (1001 turns).

AarnesTheHuman the Covered (Barachi Fighter)        Turns: 1001, Time: 00:01:09

Health: -1/30      AC:  8    Str: 18    XL:     3   Next: 27%
Magic:  3/3        EV:  9    Int:  8    God:
Gold:   10         SH:  4    Dex: 11    Spells: 2/2 levels left

rFire   . . .      SeeInvis .   a - +0 long sword
rCold   . . .      Faith    .   c - +0 buckler
rNeg    + . .      Spirit   .   b - +0 scale mail
rPois   .          Reflect  .   (no helmet)
rElec   .          Harm     .   (no cloak)
rCorr   +          Rampage  .   l - +0 pair of gloves
Will    .....                   (no boots)
Stlth   ..........              (no amulet)
HPRegen 0.10/turn               i - ring of resist corrosion
MPRegen 0.08/turn               k - ring of positive energy

@: slow
A: amphibious, slowness 1, strong legs 1, +LOS
a: Hop


You were on level 2 of the Dungeon.
You visited 1 branch of the dungeon, and saw 2 of its levels.

You collected 10 gold pieces.

Inventory:

Hand Weapons
 a - a +0 long sword (weapon)
Missiles
 e - a stone
Armour
 b - a +0 scale mail (worn)
 c - a +0 buckler (worn)
 l - a +0 pair of gloves (worn)
Jewellery
 i - a ring of resist corrosion (left hand)
 k - a ring of positive energy (right hand)
Scrolls
 f - a scroll of acquirement {unknown}
 g - a scroll of blinking {unknown}
 h - a scroll of identify {unknown}
 j - a scroll of amnesia {unknown}
Potions
 d - a potion of might


   Skills:
 + Level 4.1 Fighting
 + Level 3.0 Long Blades
 + Level 4.1 Armour
 + Level 3.7 Shields


You had 2 spell levels left.
You didn't know any spells.
Your spell library contained the following spells:

 Spells                   Type           Power      Damage    Failure   Level
 Animate Skeleton         Necr           0%         N/A       80%         1
 Ozocubu's Armour         Ice            0%         N/A       99%         3
 Dispel Undead            Necr           0%         3d6       100%        4
 Summon Ice Beast         Ice/Summ       0%         N/A       100%        4


Dungeon Overview and Level Annotations

Branches:
Dungeon (2/15)

Altars:


Innate Abilities, Weirdness & Mutations

You are amphibious.
You cover ground slowly.
You can hop short distances.
You have an extended range of vision and can be seen from far away.


Message History

You slash the worm!
You kill the worm!
The rat closely misses you.
You hit the rat.
You kill the rat!
The hobgoblin barely misses you.
You barely miss the hobgoblin.
The hobgoblin hits you but does no damage. x2
You barely miss the hobgoblin. The hobgoblin hits you.
You hit the hobgoblin but do no damage.
The hobgoblin hits you but does no damage.
You slash the worm!
The worm is heavily wounded.
The hobgoblin closely misses you. The worm closely misses you.
The hobgoblin completely misses you.
You barely miss the worm.
The worm is heavily wounded.
The hobgoblin barely misses you.
You barely miss the worm.
The worm is heavily wounded.
You block the hobgoblin's attack. The worm bites you!
You are too injured to fight recklessly!
You are too injured to fight recklessly!
You barely miss the hobgoblin. The hobgoblin barely misses you.
You block the worm's attack.
You barely miss the hobgoblin. You block the hobgoblin's attack.
The hobgoblin hits you. The worm bites you.
* * * LOW HITPOINT WARNING * * *
You hit the worm.
The worm is severely wounded.
The hobgoblin hits you but does no damage.
You hit the worm but do no damage.
The worm is severely wounded.
The hobgoblin barely misses you. The worm bites you.
* * * LOW HITPOINT WARNING * * *
You barely miss the worm.
The worm is severely wounded.
The hobgoblin hits you but does no damage.
The worm bites you!
You die...

.. .. #.# #.## #.#r ##
.... ....###.###....
#...#...#..#.#
###.......##.#
#.......w.##.# ..
##.###.#@# #.# ...
.......g.# #.######....
##.###.#.####.#........#
#.....................#
#.##....#####.........#
#..### #.........# #..
#.........# #..
#.........# #.
#.........#


You could see a worm and a hobgoblin.

Vanquished Creatures
  A worm (D:2)
  A dart slug (D:1)
  2 endoplasms (D:1)
  3 giant cockroaches
  3 goblins (D:1)
  2 hobgoblins (D:1)
  3 kobolds
  2 ball pythons (D:1)
  4 bats (D:1)
  2 frilled lizards (D:1)
  4 rats
27 creatures vanquished.

Notes
Turn   | Place    | Note
-------+----------+-------------------------------------------
     0 | D:1      | AarnesTheHuman the Barachi Fighter began the quest for the
                  | Orb.
     0 | D:1      | Reached XP level 1. HP: 18/18 MP: 1/1
    19 | D:1      | Got the Volume of Glacial Black Rituals
    76 | D:1      | Reached XP level 2. HP: 18/25 MP: 2/2
   861 | D:1      | Reached XP level 3. HP: 24/30 MP: 3/3
  1001 | D:2      | Slain by a worm

Illustrated notes

Levels and vault maps discovered:
D:1:      minmay_arrival_radiant_lines, layout_basic
D:2:      layout_basic, st_stairs_2, chequers_serial_rivers_micro_c,
          minmay_between, uniq_crazy_yiuf_cottage, uniq_natasha, uniq_robin,
          uniq_jessica

Skill      XL: |  1  2  3 |
---------------+----------+-----
Armour         | 4 |  4.1
Fighting       | 4 |  4.1
Long Blades    | 3 |  3.0
Shields        | |  3.7

Action                   || total
-------------------------++-------
Melee: Long sword        ||    85
Armor: Scale mail        ||    36
Dodge: Dodged            ||    43
Block: Buckler           ||    18

Table legend: (Time is in decaauts)
 A = Elapsed time spent in this place.
 B = Non-inter-level travel time spent in this place.
 C = Inter-level travel time spent in this place.
 D = Time resting spent in this place.
 E = Time spent auto-exploring this place.
 F = Levels seen in this place.
 G = Mean time per level.
                   A        B        C        D        E       F      G
               +--------+--------+--------+--------+--------+-----+--------+
         Total |   1151 |   1144 |      7 |      0 |    933 |   2 |  575.5 |
       Dungeon |   1151 |   1144 |      7 |      0 |    933 |   2 |  575.5 |
               +--------+--------+--------+--------+--------+-----+--------+

Top non-repeatable levels by time:
     D:1: 1095 daAuts
     D:2: 56 daAuts
